Cogmind - Beta 16 --- EXPLORER MODE // 2026.01.01 @ 11:06:53 Player: K.K.Y. Result: Destroyed by LL-2GK(R) with Subdweller Laser Performance ------------- Evolutions (0) 0 Regions Visited (3) 600 Robots Destroyed (30) 150 Value Destroyed (500) 500 Prototype IDs (0) 0 Alien Tech Used (0) 0 Bonus (0) 0 TOTAL SCORE: 1250 Bonus ------- None Cogmind --------- Core Integrity 0/250 Matter 290/300 Energy 100/100 System Corruption 2% Temperature Cool (6) Movement Treading (160) Location -10/Subcaves Parts ------- > --- POWER (1) -------- (None) > --- PROPULSION (2) --- Light Treads > --- UTILITY (3) ------ Large Storage Unit Makeshift Hacking Suite > --- WEAPON (2) ------- (None) > --- INVENTORY (15) --- Light Treads Light Treads Light Treads Huge Storage Unit Huge Storage Unit Humpback Structural Scanner Machine Analyzer Machine Analyzer Sensor Array Seismic Detector ECM Suite Light Armor Plating Recalibrator Peak State ------------ > --- POWER ------------ Light Ion Engine > --- PROPULSION ------- Light Treads Light Treads > --- UTILITY ---------- Improved Heat Sink Large Storage Unit Light Armor Plating > --- WEAPON ----------- Medium Laser Small Laser > --- INVENTORY -------- Light Treads Light Treads Light Treads Light Treads Light Treads Huge Storage Unit Huge Storage Unit Structural Scanner Machine Analyzer Sensor Array Seismic Detector ECM Suite Light Armor Plating Recalibrator Mining Laser [Rating: 12] Favorites ----------- Power Light Ion Engine Engine Light Ion Engine Propulsion Light Treads Treads Light Treads Utility Light Armor Plating Device Improved Heat Sink Storage Large Storage Unit Hackware Makeshift Hacking Suite Protection Light Armor Plating Weapon Medium Laser Energy Gun Medium Laser Special Weapon Mining Laser Build | -11 -10 -10 -10 ------- Run | Yrd Mat Min Sub Slots Evolved 1 | . 1 . . Power . | . . . . Propulsion . | . . . . Utility 1 | . 1 . . Weapon . | . . . . Parts Attached 15 | 7 2 2 4 Power 2 | 1 . 1 . Engine 2 | 1 . 1 . Core . | . . . . Reactor . | . . . . Propulsion 4 | 2 . . 2 Treads 4 | 2 . . 2 Leg . | . . . . Wheel . | . . . . Hover . | . . . . Flight . | . . . . Utility 6 | 2 2 1 1 Device 2 | 1 . 1 . Storage 1 | . 1 . . Processor . | . . . . Hackware 1 | . . . 1 Protection 2 | 1 1 . . Artifact . | . . . . Weapon 3 | 2 . . 1 Energy Gun 2 | 2 . . . Energy Cannon . | . . . . Ballistic Gun . | . . . . Ballistic Cannon . | . . . . Launcher . | . . . . Special Weapon 1 | . . . 1 Impact Weapon . | . . . . Slashing Weapon . | . . . . Piercing Weapon . | . . . . Special Melee Weapon . | . . . . Unidentified Prototypes . | . . . . Parts Lost 9 | . . 1 8 Power . | . . . . Propulsion 3 | . . . 3 Utility 3 | . . 1 2 Weapon 3 | . . . 3 Highest Loss Streak 5 | . . 1 5 To Critical Strikes . | . . . . Average Backups 11 | 2 7 14 14 Power . | . . . . Propulsion 3 | . 1 5 4 Utility 7 | 1 4 8 9 Weapon . | . 1 1 . Tool/Special . | . . . . Unused Backups 14 | . 1 . 13 Power . | . . . . Propulsion 3 | . . . 3 Utility 11 | . 1 . 10 Weapon . | . . . . Tool/Special . | . . . . Average Slot Usage (%) 90 | . 90 94 72 Engine 6 | . 5 7 8 Treads 24 | . 25 25 22 Device 9 | . 6 11 9 Storage 10 | . 5 12 12 Protection 14 | . 23 12 2 Energy Gun 23 | . 25 25 10 Peak Build Rating 12 | 7 8 12 12 Average Rating 9 | 5 7 11 8 On Entrance 6 | . 7 8 12 Avg Prop Armor Cover (%) . | . . . . Naked Turns . | . . . . Heaviest Build 30 | 13 29 30 30 Greatest Support 40 | 40 40 40 40 Greatest Overweight (x) 6 | 1 . . 6 Average Overweight (x) . | . . . . Largest Inventory Capacity 15 | 5 15 15 15 Average Capacity 13 | 5 9 15 15 Most Carried 15 | 5 13 15 15 Average Carried 11 | 3 7 14 14 Final Capacity 15 | 5 15 15 15 Final Carried 15 | 4 13 15 15 Class Distribution -------------------- 100% | Hacker-Mutant Dominant Class ---------------- Hacker-Mutant | -10/Materials Hacker-Mutant | -10/Mines Hacker-Mutant | -10/Subcaves Resources | -11 -10 -10 -10 ----------- Run | Yrd Mat Min Sub Matter Collected 389 | 191 99 74 25 Remotely . | . . . . Salvage Created 1043 | 113 569 304 57 Parts 52 | 11 20 20 1 Haulers Intercepted 2 | . 2 . . Recyclers Shooed . | . . . . Parts Field Recycled . | . . . . Retrieved Matter . | . . . . Parts Self-Destructed . | . . . . Prevented . | . . . . Parts Restored . | . . . . Kills | -11 -10 -10 -10 ------- Run | Yrd Mat Min Sub Combat Hostiles Destroyed 11 | . 5 4 2 Guns 10 | . 4 4 2 Classes Destroyed 10 | 2 5 2 1 Worker 3 | . . 3 . Builder 3 | . 2 1 . Tunneler 5 | 3 1 1 . Hauler 2 | . 2 . . Recycler 4 | 1 2 1 . Mechanic 1 | . 1 . . Watcher 1 | . 1 . . Swarmer 2 | . . 2 . Grunt 7 | . 5 2 . Subdweller 2 | . . . 2 Best Kill Streak 4 | 4 4 4 1 Combat Bots Only 2 | . 2 2 1 Max Kills in Single Turn 1 | 1 1 1 1 Gunslinging . | . . . . Exploded . | . . . . Melee . | . . . . Uniques/NPCs Destroyed . | . . . . Combat | -11 -10 -10 -10 -------- Run | Yrd Mat Min Sub Hostile Shots Fired 147 | . 47 20 80 Missed 59 | . 22 6 31 Hits 88 | . 25 14 49 Projectile 88 | . 25 14 49 Critical Strikes 2 | . 1 1 . Damage Taken 1105 | . 255 108 742 Core 254 | . 58 31 165 Absorbed by Shields . | . . . . Ignored by Resistances 641 | . 139 66 436 Core Remaining (%) 100 | 100 . . . Volleys Fired 107 | 6 59 23 19 Largest 2 | 2 2 2 2 Hottest 150 | 90 90 90 150 Shots Fired 186 | 12 103 45 26 Gun 180 | 12 103 45 20 Cannon . | . . . . Launcher . | . . . . Special 6 | . . . 6 Kinetic . | . . . . Thermal 186 | 12 103 45 26 Explosive . | . . . . Electromagnetic . | . . . . Robot Hit Streak 32 | 9 25 24 32 Robot Miss Streak 2 | . 2 1 1 Penetration Max . | . . . . Secondary Targets . | . . . . Shots Hit Robots 154 | 9 85 38 22 Core Hits 52 | 5 28 14 5 Critical Kills . | . . . . Critical Parts Destroyed . | . . . . Critical Strikes 10 | . 5 2 3 Burn 10 | . 5 2 3 Melee Attacks . | . . . . Impact . | . . . . Slashing . | . . . . Piercing . | . . . . Sneak Attacks . | . . . . Combat Hostiles . | . . . . Follow-up Attacks . | . . . . Damage Inflicted 1928 | 109 1057 466 296 Guns 1839 | 109 1057 458 215 Cannons . | . . . . Explosions . | . . . . Melee . | . . . . Ramming 17 | . . 8 9 Kinetic . | . . . . Thermal 1911 | 109 1057 458 287 Explosive . | . . . . Electromagnetic . | . . . . Impact . | . . . . Slashing . | . . . . Piercing . | . . . . Highest Corruption 2 | . 2 2 2 Average Corruption 1 | . 1 2 2 Corruption Purged . | . . . . Corruption Blocked . | . . . . Effects 27 | . 1 23 3 Message Errors 5 | . . 5 . Matter Fused 9 | . . 8 1 Heat Flow Errors 5 | . . 5 . Energy Discharges 3 | . 1 1 1 Parts Rejected 1 | . . . 1 Parts Fused 1 | . . 1 . Data Loss (minor) 2 | . . 2 . Misfires 1 | . . 1 . Overload Shots . | . . . . Overflow Damage . | . . . . Projectiles . | . . . . Explosions . | . . . . Melee . | . . . . Knockbacks 1 | . . 1 . Impact 1 | . . 1 . Kinetic . | . . . . Secondary . | . . . . Self-Inflicted Damage . | . . . . Shots . | . . . . Rammed 5 | . . 1 4 Targets Rammed 5 | . . 1 4 Kicked . | . . . . Crushed . | . . . . Highest Temperature 523 | 78 523 303 . Average Temperature 139 | 36 148 149 . Received Heat Transfer 633 | . 222 108 303 Effects 13 | . 13 . . Shutdowns 1 | . 1 . . Energy Bleed 3 | . 3 . . Interference 4 | . 4 . . Short Circuit 1 | . 1 . . Damage (major) 3 | . 3 . . Damage (core) 1 | . 1 . . Siege Activations . | . . . . Martial Activations . | . . . . Shielding Activations . | . . . . Robots Disrupted . | . . . . Combat Hostiles . | . . . . Robots Corrupted . | . . . . Combat Hostiles . | . . . . Parts Fried . | . . . . Impact Corruptions . | . . . . Robots Melted 1 | . 1 . . Combat Hostiles 1 | . 1 . . Parts Melted 10 | 1 4 5 . Heat Transferred 5868 | 297 3220 1350 1001 Parts Sabotaged . | . . . . Parts Stolen . | . . . . Parts Stripped . | . . . . Power Chain Reactions . | . . . . Alert | -11 -10 -10 -10 ------- Run | Yrd Mat Min Sub Maximum Alert Level . | . . . . Low Security (%) 100 | 100 100 100 . Level 1 . | . . . . Level 2 . | . . . . Level 3 . | . . . . Level 4 . | . . . . Level 5 . | . . . . High Security . | . . . . Max Security . | . . . . Peak Influence 55 | 10 50 55 . Initial . | . . . . Average 3 | 1 6 2 . Influence Increases 361 | 20 211 130 . Destroy 0b10 Robot/C 180 | . 100 80 . Destroy 0b10 Robot/NC 95 | 20 45 30 . Destroy Leader 56 | . 36 20 . Lose Combat Pursuer 30 | . 30 . . Influence Decreases 361 | 20 211 130 . Time Decay 361 | 20 211 130 . Squads Dispatched . | . . . . Investigation . | . . . . Extermination . | . . . . Reinforcement . | . . . . Assault . | . . . . Garrison . | . . . . Intercept . | . . . . Searches Triggered . | . . . . Construction Impeded . | . . . . Haulers Reinforced . | . . . . Active Scanning Responses . | . . . . Cargo Convoy Interrupts . | . . . . Stealth | -11 -10 -10 -10 --------- Run | Yrd Mat Min Sub Distress Signals . | . . . . Communications Jammed . | . . . . Distress Signals . | . . . . Times Spotted 26 | . 18 4 4 Peak Tracking Total 3 | . 3 2 2 Tactical Retreats 2 | . 2 . . Traps | -11 -10 -10 -10 ------- Run | Yrd Mat Min Sub Traps Triggered 3 | . 3 . . Indirectly . | . . . . Trap Hack Attempts . | . . . . Triggered . | . . . . Disarmed . | . . . . Reprogrammed . | . . . . Reused . | . . . . Traps Extracted . | . . . . Installed . | . . . . Triggered . | . . . . Machines | -11 -10 -10 -10 ---------- Run | Yrd Mat Min Sub Machines Disabled . | . . . . Max in Single Turn . | . . . . Machines Repaired . | . . . . Machines Dismantled . | . . . . Machines Sabotaged . | . . . . Overloaded Fab Kills . | . . . . Hacking | -11 -10 -10 -10 --------- Run | Yrd Mat Min Sub Machines Accessed . | . . . . Terminals . | . . . . Fabricators . | . . . . Repair Stations . | . . . . Recycling Units . | . . . . Scanalyzers . | . . . . Garrison Access . | . . . . Total Hacks . | . . . . Successful . | . . . . Failed . | . . . . Catastrophic . | . . . . Database Lockouts . | . . . . Manual . | . . . . Terminals . | . . . . Fabricators . | . . . . Repair Stations . | . . . . Recycling Units . | . . . . Scanalyzers . | . . . . Garrison Access . | . . . . Terminal Hacks . | . . . . Fabricator Hacks . | . . . . Repair Station Hacks . | . . . . Recycling Unit Hacks . | . . . . Scanalyzer . | . . . . Garrison Access Hacks . | . . . . Unauthorized Hacks . | . . . . Terminals . | . . . . Fabricators . | . . . . Repair Stations . | . . . . Recycling Units . | . . . . Scanalyzers . | . . . . Garrison Access . | . . . . Data Cores Recovered . | . . . . Used . | . . . . Hacking Detections . | . . . . Full Trace Events . | . . . . Feedback Events . | . . . . Feedback Blocked . | . . . . Robot Schematics Acquired . | . . . . Robots Built . | . . . . Authchips . | . . . . Time . | . . . . Total Robot Build Rating . | . . . . Part Schematics Acquired . | . . . . Parts Built . | . . . . Authchips . | . . . . Time . | . . . . Total Part Build Rating . | . . . . Part Studies Acquired . | . . . . Parts Repaired . | . . . . Time . | . . . . Parts Recycled . | . . . . Recycled Matter . | . . . . Retrieved Matter . | . . . . Retrieved Components . | . . . . Parts Scanalyzed . | . . . . Part Schematics Acquired . | . . . . Parts Damaged . | . . . . Bothacking | -11 -10 -10 -10 ------------ Run | Yrd Mat Min Sub Used RIF Installer . | . . . . Robots Hacked . | . . . . Non-combat . | . . . . Combat . | . . . . Robot Hacks Applied . | . . . . Relay Couplers Released . | . . . . Fabnet Peak Effective % . | . . . . Robots Rewired . | . . . . Allies Hacked . | . . . . Hacks Repelled . | . . . . Allies | -11 -10 -10 -10 -------- Run | Yrd Mat Min Sub Total Allies . | . . . . Largest Group . | . . . . Highest-Rated Group . | . . . . Highest-Rated Ally . | . . . . Total Orders . | . . . . Ally Attacks . | . . . . Total Damage . | . . . . Kills . | . . . . Allies Corrupted . | . . . . Allies Melted . | . . . . Intel | -11 -10 -10 -10 ------- Run | Yrd Mat Min Sub Active Infowar (turns) 19 | 19 . . . ECM 19 | 19 . . . Robot Analysis Total . | . . . . Derelict Logs Recovered 1 | . . 1 . Drone Launches . | . . . . Drone Recoveries . | . . . . Exploration | -11 -10 -10 -10 ------------- Run | Yrd Mat Min Sub Turns Passed 2668 | 127 734 1479 328 Spaces Moved 1386 | 57 307 873 149 Core 22 | 20 . . 2 Treads 1364 | 37 307 873 147 Legs . | . . . . Wheels . | . . . . Hover . | . . . . Flight . | . . . . Fastest Speed 50 | 50 160 160 160 Average Speed 158 | 124 160 160 162 Slowest Speed 350 | 160 160 160 350 Overloaded Moves . | . . . . Propulsion Burnouts . | . . . . Robots Hopped . | . . . . Potential Cave-ins . | . . . . Cave-ins Triggered . | . . . . Exploration Rate (%) 42 | 3 56 99 12 Regions Visited 3 Branch Regions 2 Pre-discovered Areas 1 | . . 1 . Known Exits Taken 3 | 1 1 1 . Unknown Exits Taken . | . . . . Scrap Searched 1 | . . 1 . Spaces Dug . | . . . . Terrain Destroyed . | . . . . Melee . | . . . . Projectile . | . . . . AOE . | . . . . Terrain Rammed . | . . . . Walls Destroyed . | . . . . Machines Disabled . | . . . . Actions | -11 -10 -10 -10 --------- Run | Yrd Mat Min Sub Total 1648 | 99 449 910 190 Wait 111 | 23 67 9 12 Move 1383 | 56 306 872 149 Hop . | . . . . Pick Up 24 | 7 12 3 2 Fast Attach 6 | 4 . 1 1 Attach 9 | 3 2 1 3 Detach . | . . . . Swap . | . . . . Drop 3 | . 3 . . Fire 107 | 6 59 23 19 Melee . | . . . . Ram 2 | . . . 2 Kick . | . . . . Crush 3 | . . 1 2 Escape Stasis . | . . . . Rewire . | . . . . Trap . | . . . . Miscellaneous . | . . . . Route ------- -11/Scrapyard -10/Materials (discovered 2 exits: *Mat / *Min) -10/Mines (discovered 3 exits: *Mat x2 / *Sub) -10/Subcaves History --------- Turn | Location | Event 6 | -11/Scrapyard | Identified exit to Materials 6 | -11/Scrapyard | Discovered exit to Materials (range 15) 128 | -11/Scrapyard | Entered Materials 128 | -10/Materials | Evolved 1 slot: Utility x1 307 | -10/Materials | Build established: Hacker-Mutant 706 | -10/Materials | Identified exit to Materials 706 | -10/Materials | Discovered exit to Materials (range 7) 825 | -10/Materials | Identified exit to Mines 825 | -10/Materials | Discovered exit to Mines (range 16) 862 | -10/Materials | Entered Mines 1085 | -10/Mines | Found a hidden stash of uninstalled traps 1113 | -10/Mines | Learned location of Storage (-8) 1212 | -10/Mines | Learned Materials terminal intel 1216 | -10/Mines | Discovered exit to Materials (range 12) 1654 | -10/Mines | Identified exit to Subcaves 1654 | -10/Mines | Discovered exit to Subcaves (range 9) 1777 | -10/Mines | Discovered exit to Materials (range 7) 1804 | -10/Mines | Deemed a non-threat by the Exiles lab entrance 2341 | -10/Mines | Entered Subcaves 2342 | -10/Subcaves | Approached by a straggling Scientist 2548 | -10/Subcaves | Core integrity fell below 50% 2582 | -10/Subcaves | Core integrity fell below 20% 2600 | -10/Subcaves | Shifting Twisted Machinery released Humpback 2609 | -10/Subcaves | Shifting Twisted Machinery released Mak. Hacking Suite 2610 | -10/Subcaves | Shifting Twisted Machinery released Battle Rifle 2612 | -10/Subcaves | Lost 5 parts (2n1u2w) 2669 | -10/Subcaves | Destroyed by LL-2GK(R) with Subdweller Laser Last Messages --------------- 02555_ System corrupted: Lgt. Ion Engine rejected. 02563_ Med. Laser destroyed. 02563_ Lgt. Treads destroyed. 02563_ Slammed into 4C-PFN(R). 02577_ QR-LP2(c) destroyed. 02579_ Acquired 5 matter. 02581_ Acquired 15 matter. 02581_ Imp. Heat Sink destroyed. 02584_ Acquired Machine Analyzer. Humpback falls loose from the Twisted Machinery. Mak. Hacking Suite falls loose from the Twisted Machinery. Battle Rifle falls loose from the Twisted Machinery. 02611_ Acquired Humpback. 02615_ Slammed into 4C-PFN(R). 02623_ Lgt. Treads destroyed. 02628_ Subatomizers dissect the Lgt. Ion Engine. 02663_ Acquired Mak. Hacking Suite. Map ----- +----------------------------------------------------+ | ?????????????????????????????????????????????????? | | ?????????????????????????????????????????????????? | | ?????????????????????????????????????????????????? | | ?????????????????????????????????????????????????? | | ?????????????????????????????????????????????????? | | ?????????????????????????????????????????????????? | | ?????????????????????????????????????????????????? | | ?????????????????????????????????????????????????? | | ?????????????????????????????????????????????????? | | ?????????????????????????????????????????????????? | | ?????????????????????????????????????????????????? | | ?????????????????????????????????????????????????? | | ????????????????????????? ??????????????????????? | | ????????????????????????? ??????????????????????? | | ????????????????????????# ??????????????????????? | | ???????????????????????? ??????????????????????? | | ???????????????????????? ??????????????????????? | | ???????????????????????? ??????????????????????? | | ????????????????????????# #??????????????????????? | | ???????????????????????## ??????????????????????? | | ???????????????????????# ##?????????????????????? | | ???????????????????????? #?????????????????????? | | ????????????????????????# #?????????????????????? | | ???????????????????????## "###????? ?????????????? | | ??????????????#######??# """"####? #????????????? | | ????????????### ####;@ """#"# #????????????? | | ???????????## "" ##; """"" #????????????? | | ???????????# "" R " """"[ ?????????????? | | ??????????## " R " "### #?????????????? | | ??????????# ### ""###%###???????????????? | | ?????????# ## ### "##?#% #???????????????? | | ??????????????#### ## ""#??# ##???????????????? | | ????????????????# ###"""#??# #?###???????????? | | ????????????????# ###" #### ##?# ##??????????? | | ????????????????## ### " ## #??# ##?????????? | | ???????????????## " ## "" #### ##????????? | | ???????????????# " " # ## #????????? | | ??????????# " """" ## " ##????????? | | ????????? """"## " #???###???? | | ???????? "### "%* ##### ##### | | ????????? ### ##?# " ## ## | | ???????? ???## ##??## """ !% | | ??????? ?????### ##????##" | | ?????????????????###???????########### ##"## ### | | ?????????????????????????????????????#####??####?# | | ?????????????????????????????????????????????????? | | ?????????????????????????????????????????????????? | | ?????????????????????????????????????????????????? | | ?????????????????????????????????????????????????? | | ?????????????????????????????????????????????????? | +----------------------------------------------------+ Best States ------------- Heat Dissipation 39 Energy Generation 10 Energy Capacity 250 Matter Stores 300 Matter Capacity 300 Sight Range 16 Terrain Scan Density 10 ECM Strength 1 Armor Coverage 300 Resistance: KI 35 Resistance: TH 35 Resistance: EX 35 Resistance: EM 35 Resistance: I 35 Resistance: S 35 Resistance: P 35 Evasion (%) 50 Recoil Reduction 2 Offensive Hacking 20 Item Schematics ----------------- None Robot Schematics ------------------ None Fabricated ------------ Nothing Repaired ---------- Nothing Studied --------- None Alien Tech Used ----------------- None Achievements -------------- None Challenges ------------ None Game ------ Seed ReactiveServoMagmablaster Manual? 0 Play Time 00:13:18 Cumulative 236.3 hours Start 2026.01.01 @ 10:55:03 End 2026.01.01 @ 11:06:53 Sessions 1 Manual Loads 0 Difficulty Explorer Special Mode None Game No. 376 Rogue 0 Adventurer 0 Explorer 376 Win Type - Total 0 Types 0/0/0/0/0/0/0/0/0/0 Lore% 71 Gallery% 68 Achievement% 54 Wizard Run 0 Options --------- Layout 1 ASCII 0 Keyboard 0 Movement Mouse Keybinds 0 Fullscreen 1 Font 24/Smallcaps Map View 50x35 Zoom Use 0% Tactical HUD 1 Map Filters NONE Filters NONE Steam 1 RUN: 9d683cda-5ee2-43d3-870c-c3d1c67bdac3